% Time on Ice - PORTLAND PIRATES
Lines # - Real PCT - Wanted PCT - Time Play
Normal Forward
1 - 34% - 33% - 16:17
2 - 32% - 33% - 15:26
3 - 23% - 22% - 10:46
4 - 11% - 12% - 5:03
Normal Defense
1 - 36% - 34% - 16:53
2 - 34% - 34% - 16:12
3 - 21% - 22% - 10:13
4 - 9% - 10% - 4:14
PP Forward
1 - 64% - 60% - 4:58
2 - 36% - 40% - 2:51
PP Defense
1 - 60% - 60% - 4:43
2 - 40% - 40% - 3:06
PK Forward
1 - 65% - 60% - 2:26
2 - 35% - 40% - 1:18
PK Defense
1 - 62% - 60% - 2:18
2 - 38% - 40% - 1:26
PK3 Forward
1 - 53% - 55% - 0:29
2 - 47% - 45% - 0:26
PK3 Defense
1 - 27% - 55% - 0:15
2 - 73% - 45% - 0:40
44 Forward
1 - 0% - 55%
2 - 0% - 45%
44 Defense
1 - 0% - 55%
2 - 0% - 45%
Last Minute Offensive  - 0:00
Last Minute Defensive  - 0:00
Total
Forward - 60:00
Defense - 60:00
% Time on Ice - TEXAS TOROS
Lines # - Real PCT - Wanted PCT - Time Play
Normal Forward
1 - 29% - 36% - 13:57
2 - 34% - 31% - 16:21
3 - 26% - 23% - 12:24
4 - 10% - 10% - 4:50
Normal Defense
1 - 35% - 36% - 16:41
2 - 34% - 31% - 16:15
3 - 26% - 23% - 12:33
4 - 4% - 10% - 2:03
PP Forward
1 - 55% - 55% - 2:34
2 - 45% - 45% - 2:05
PP Defense
1 - 69% - 55% - 3:12
2 - 31% - 45% - 1:27
PK Forward
1 - 58% - 55% - 4:33
2 - 42% - 45% - 3:16
PK Defense
1 - 53% - 55% - 4:10
2 - 47% - 45% - 3:39
PK3 Forward
1 - 0% - 55%
2 - 0% - 45%
PK3 Defense
1 - 0% - 55%
2 - 0% - 45%
44 Forward
1 - 0% - 55%
2 - 0% - 45%
44 Defense
1 - 0% - 55%
2 - 0% - 45%
Last Minute Offensive  - 0:00
Last Minute Defensive  - 0:00
Total
Forward - 60:00
Defense - 60:00
Play-by-Play 1st period 0:01 of 1st period - Mika Zibanejad wins face-off versus Jonathan Toews in neutral zone. 0:03 of 1st period - Minor Penalty to Jonathan Toews for Holding. 0:04 of 1st period - Mika Zibanejad wins face-off versus Wade Allison in TEXAS TOROS zone. 0:13 of 1st period - Shot by Thomas Chabot. 0:13 of 1st period - Shot Misses the Net. 0:51 of 1st period - Shot by Mika Zibanejad. 0:51 of 1st period - Shot Blocked by Tyson Barrie. 1:38 of 1st period - Shot by Chandler Stephenson. 1:38 of 1st period - Deflect By Pavel Zacha. 1:38 of 1st period - Shot Misses the Net. 1:40 of 1st period - Shot by Chandler Stephenson. 1:40 of 1st period - Shot Blocked by Dougie Hamilton. 2:01 of 1st period - Shot by Thomas Chabot. 2:01 of 1st period - Shot Misses the Net. 2:03 of 1st period - Shot by Thomas Chabot. 2:03 of 1st period - Shot Misses the Net. 2:07 of 1st period - Shot by Michael Amadio. 2:07 of 1st period - Shot Misses the Net. 2:15 of 1st period - Shot by Sam Steel. 2:15 of 1st period - Stopped by Philipp Grubauer without a rebound. 2:16 of 1st period - Jonathan Toews wins face-off versus Michael McLeod in TEXAS TOROS zone. 2:40 of 1st period - Icing by Brett Pesce. 2:41 of 1st period - Kevin Hayes wins face-off versus Michael McLeod in PORTLAND PIRATES zone. 2:42 of 1st period - Shot by Taylor Raddysh. 2:42 of 1st period - Shot Misses the Net. 2:48 of 1st period - Shot by Kevin Hayes. 2:48 of 1st period - Shot Blocked by Marc Staal. 3:36 of 1st period - Shot by Troy Terry. 3:36 of 1st period - Stopped by Martin Jones with a rebound. 4:42 of 1st period - Shot by Tyson Barrie. 4:42 of 1st period - Shot Misses the Net. 5:45 of 1st period - Shot by Mika Zibanejad. 5:45 of 1st period - Deflect By Yanni Gourde. 5:45 of 1st period - Shot Misses the Net. 5:54 of 1st period - Mika Zibanejad is hit by Owen Power and loses puck. 8:26 of 1st period - Shot by Troy Terry. 8:26 of 1st period - Shot Misses the Net. 8:51 of 1st period - Icing by Mikhail Sergachev. 8:52 of 1st period - Mika Zibanejad wins face-off versus Jonathan Toews in TEXAS TOROS zone. 9:42 of 1st period - Icing by Ryan Suter. 9:43 of 1st period - Robert Thomas wins face-off versus Trevor Zegras in TEXAS TOROS zone. 10:17 of 1st period - Off-side. 10:18 of 1st period - Sam Steel wins face-off versus Jonathan Toews in neutral zone. 11:16 of 1st period - Shot by Yanni Gourde. 11:16 of 1st period - Shot Misses the Net. 11:18 of 1st period - Shot by Yanni Gourde. 11:18 of 1st period - Stopped by Philipp Grubauer without a rebound. 11:19 of 1st period - Trevor Zegras wins face-off versus Robert Thomas in TEXAS TOROS zone. 11:56 of 1st period - Shot by Wade Allison. 11:56 of 1st period - Shot Misses the Net. 12:07 of 1st period - Icing by Alec Martinez. 12:08 of 1st period - Robert Thomas wins face-off versus Ryan Poehling in PORTLAND PIRATES zone. 12:38 of 1st period - Off-side. 12:39 of 1st period - Kevin Hayes wins face-off versus Sam Steel in neutral zone. 12:53 of 1st period - Kevin Hayes is hit by Marc Staal and loses puck. 13:11 of 1st period - Kevin Hayes is hit by Brett Pesce and loses puck. 13:37 of 1st period - Icing by Ryan Suter. 13:38 of 1st period - Mika Zibanejad wins face-off versus Trevor Zegras in TEXAS TOROS zone. 13:47 of 1st period - Shot by Trevor Zegras. 13:47 of 1st period - Stopped by Martin Jones without a rebound. 13:48 of 1st period - Mika Zibanejad wins face-off versus Jonathan Toews in PORTLAND PIRATES zone. 14:08 of 1st period - Shot by Troy Terry. 14:08 of 1st period - Shot Misses the Net. 14:10 of 1st period - Shot by Owen Power. 14:10 of 1st period - Stopped by Martin Jones without a rebound. 14:11 of 1st period - Trevor Zegras wins face-off versus Travis Konecny in PORTLAND PIRATES zone. 14:25 of 1st period - Icing by Trevor Zegras. 14:26 of 1st period - Mika Zibanejad wins face-off versus Trevor Zegras in TEXAS TOROS zone. 14:26 of 1st period - Mika Zibanejad is hit by Mikhail Sergachev. 14:30 of 1st period - Shot by Mika Zibanejad. 14:30 of 1st period - Stopped by Philipp Grubauer without a rebound. 14:31 of 1st period - Mika Zibanejad wins face-off versus Jonathan Toews in TEXAS TOROS zone. 14:32 of 1st period - Shot by Chandler Stephenson. 14:32 of 1st period - Stopped by Philipp Grubauer with a rebound. 14:34 of 1st period - Shot by Mika Zibanejad. 14:34 of 1st period - Shot Misses the Net. 14:36 of 1st period - Shot by Chandler Stephenson. 14:36 of 1st period - Stopped by Philipp Grubauer without a rebound. 14:37 of 1st period - Jonathan Toews wins face-off versus Robert Thomas in TEXAS TOROS zone. 15:18 of 1st period - Shot by Robert Thomas. 15:18 of 1st period - Shot Blocked by Dougie Hamilton. 15:20 of 1st period - Shot by Travis Konecny. 15:20 of 1st period - Shot Misses the Net. 15:22 of 1st period - Shot by Travis Konecny. 15:22 of 1st period - Goal by Travis Konecny - PORTLAND PIRATES : 1 - TEXAS TOROS : 0. 15:23 of 1st period - Yanni Gourde wins face-off versus Kevin Hayes in neutral zone. 15:26 of 1st period - Kevin Hayes is hit by Yanni Gourde and loses puck. 16:07 of 1st period - Shot by Yanni Gourde. 16:07 of 1st period - Shot Misses the Net. 16:40 of 1st period - Off-side. 16:41 of 1st period - Ryan Poehling wins face-off versus Robert Thomas in neutral zone. 17:15 of 1st period - Off-side. 17:16 of 1st period - Mika Zibanejad wins face-off versus Trevor Zegras in neutral zone. 17:24 of 1st period - Off-side. 17:25 of 1st period - Trevor Zegras wins face-off versus Sam Steel in neutral zone. 17:40 of 1st period - Shot by Wade Allison. 17:40 of 1st period - Shot Misses the Net. 17:44 of 1st period - Shot by Trevor Zegras. 17:44 of 1st period - Stopped by Martin Jones without a rebound. 17:45 of 1st period - Jonathan Toews wins face-off versus Mika Zibanejad in PORTLAND PIRATES zone. 18:33 of 1st period - Icing by Marc Staal. 18:34 of 1st period - Mika Zibanejad wins face-off versus Kevin Hayes in PORTLAND PIRATES zone. 18:34 of 1st period - Mika Zibanejad is hit by Taylor Raddysh. 19:17 of 1st period - Shot by Taylor Raddysh. 19:17 of 1st period - Stopped by Martin Jones with a rebound. 19:34 of 1st period - Minor Penalty to Tyson Barrie for Holding. 19:35 of 1st period - Mika Zibanejad wins face-off versus Troy Terry in TEXAS TOROS zone. 19:40 of 1st period - Shot by Travis Konecny. 19:40 of 1st period - Stopped by Philipp Grubauer with a rebound. 19:42 of 1st period - Shot by Robert Thomas. 19:42 of 1st period - Deflect By Mika Zibanejad. 19:42 of 1st period - Goal by Mika Zibanejad - PORTLAND PIRATES : 2 - TEXAS TOROS : 0. 19:43 of 1st period - Sam Steel wins face-off versus Trevor Zegras in neutral zone. 19:50 of 1st period - Icing by Mikhail Sergachev. 19:51 of 1st period - Sam Steel wins face-off versus Trevor Zegras in TEXAS TOROS zone. 19:52 of 1st period - Shot by Alec Martinez. 19:52 of 1st period - Stopped by Philipp Grubauer with a rebound. Goals for this period are 2 for PORTLAND PIRATES vs 0 for TEXAS TOROS. Shots for this period are 9 for PORTLAND PIRATES vs 5 for TEXAS TOROS. 2nd period 0:01 of 2nd period - Jonathan Toews wins face-off versus Sam Steel in neutral zone. 0:06 of 2nd period - Shot by Travis Hamonic. 0:06 of 2nd period - Shot Misses the Net. 0:08 of 2nd period - Shot by Travis Hamonic. 0:08 of 2nd period - Stopped by Philipp Grubauer with a rebound. 0:10 of 2nd period - Shot by William Carrier. 0:10 of 2nd period - Stopped by Philipp Grubauer without a rebound. 0:11 of 2nd period - Trevor Zegras wins face-off versus Robert Thomas in TEXAS TOROS zone. 0:11 of 2nd period - Trevor Zegras is hit by Travis Konecny. 0:24 of 2nd period - Yegor Chinakhov is hit by Thomas Chabot and loses puck. 0:46 of 2nd period - Shot by Robert Thomas. 0:46 of 2nd period - Shot Blocked by Ryan Suter. 2:02 of 2nd period - Mikhail Sergachev is hit by Marc Staal and loses puck. 2:23 of 2nd period - Shot by Michael Amadio. 2:23 of 2nd period - Stopped by Philipp Grubauer with a rebound. 2:25 of 2nd period - Shot by Sam Steel. 2:25 of 2nd period - Shot Misses the Net. 2:31 of 2nd period - Shot by William Carrier. 2:31 of 2nd period - Shot Misses the Net. 2:42 of 2nd period - Icing by Nate Schmidt. 2:43 of 2nd period - Robert Thomas wins face-off versus Kevin Hayes in TEXAS TOROS zone. 2:46 of 2nd period - Shot by Pavel Zacha. 2:46 of 2nd period - Shot Misses the Net. 2:48 of 2nd period - Shot by Robert Thomas. 2:48 of 2nd period - Shot Blocked by Owen Power. 2:50 of 2nd period - Shot by Brian Dumoulin. 2:50 of 2nd period - Stopped by Philipp Grubauer without a rebound. 2:51 of 2nd period - Robert Thomas wins face-off versus Ryan Poehling in TEXAS TOROS zone. 2:52 of 2nd period - Shot by Travis Konecny. 2:52 of 2nd period - Stopped by Philipp Grubauer without a rebound. 2:53 of 2nd period - Mika Zibanejad wins face-off versus Ryan Poehling in TEXAS TOROS zone. 3:54 of 2nd period - Shot by Travis Konecny. 3:54 of 2nd period - Stopped by Philipp Grubauer without a rebound. 3:55 of 2nd period - Robert Thomas wins face-off versus Kevin Hayes in TEXAS TOROS zone. 4:26 of 2nd period - Shot by Robert Thomas. 4:26 of 2nd period - Shot Blocked by Tyson Barrie. 4:33 of 2nd period - Icing by Ryan Suter. 4:34 of 2nd period - Kevin Hayes wins face-off versus Sam Steel in TEXAS TOROS zone. 4:36 of 2nd period - Icing by Taylor Raddysh. 4:37 of 2nd period - Kevin Hayes wins face-off versus Sam Steel in TEXAS TOROS zone. 4:50 of 2nd period - Shot by Taylor Raddysh. 4:50 of 2nd period - Stopped by Martin Jones without a rebound. 4:51 of 2nd period - Mika Zibanejad wins face-off versus Jonathan Toews in PORTLAND PIRATES zone. 5:20 of 2nd period - Shot by Troy Terry. 5:20 of 2nd period - Stopped by Martin Jones without a rebound. 5:21 of 2nd period - Sam Steel wins face-off versus Yegor Chinakhov in PORTLAND PIRATES zone. 5:35 of 2nd period - Shot by Sam Steel. 5:35 of 2nd period - Shot Misses the Net. 6:54 of 2nd period - Kevin Hayes is hit by Marc Staal and loses puck. 7:11 of 2nd period - Shot by Travis Konecny. 7:11 of 2nd period - Stopped by Philipp Grubauer without a rebound. 7:12 of 2nd period - Mika Zibanejad wins face-off versus Jonathan Toews in TEXAS TOROS zone. 8:23 of 2nd period - Shot by Yegor Chinakhov. 8:23 of 2nd period - Shot Misses the Net. 8:43 of 2nd period - Shot by Trev